 Dungeon Crawl Stone Soup version 0.28-a0-1167-g616b1c6417 (webtiles) character file.

Game seed: 17005432433092162658

70 Ijustatesigmund the Skirmisher (level 4, 0/29 HPs)
             Began as a Gargoyle Fighter on Dec 16, 2021.
             Slain by an adder (4 damage)
             ... on level 2 of the Dungeon.
             The game lasted 00:04:12 (2262 turns).

Ijustatesigmund the Skirmisher (Gargoyle Fighter)   Turns: 2262, Time: 00:04:13

Health: 0/29       AC: 12    Str: 20    XL:     4   Next: 22%
Magic:  4/4        EV:  7    Int: 10    God:
Gold:   110        SH:  4    Dex:  9    Spells: 3/3 levels left

rFire   . . .      SeeInvis .   a - +0 flail
rCold   . . .      Faith    .   c - +0 buckler
rNeg    + . .      Spirit   .   b - +0 chain mail
rPois   ∞          Reflect  .   (no helmet)
rElec   +          Harm     .   (no cloak)
rCorr   .          Rampage  .   (no gloves)
Will    .....                   (no boots)
Stlth   ..........              (no amulet)
HPRegen 0.09/turn               (no ring)
MPRegen 0.09/turn               (no ring)

@: mighty, brilliant
A: sickness immunity, AC +3, negative energy resistance 1, electricity
resistance, torment resistance 1, petrification resistance
a: no special abilities


You were on level 2 of the Dungeon.
You visited 1 branch of the dungeon, and saw 3 of its levels.

You collected 110 gold pieces.

Inventory:

Hand Weapons
 a - a +0 flail (weapon)
Missiles
 f - a javelin (quivered)
Armour
 b - a +0 chain mail (worn)
 c - a +0 buckler (worn)
Scrolls
 e - a scroll of vulnerability {unknown}
 g - a scroll of enchant weapon {unknown}
 h - a scroll of magic mapping {unknown}
 i - a scroll of fear {unknown}
 j - a scroll of immolation {unknown}
 l - a scroll of brand weapon {unknown}
 m - a scroll of blinking {unknown}


   Skills:
 + Level 4.0 Fighting
 + Level 3.6 Maces & Flails
 - Level 3.2 Armour
 + Level 0.5 Dodging
 - Level 3.2 Shields


You had 3 spell levels left.
You didn't know any spells.
Your spell library was empty.

Dungeon Overview and Level Annotations

Branches:
Dungeon (3/15)

Altars:

Shops:
D:3 =

Annotations:
D:2 1 runed translucent door, Crazy Yiuf


Innate Abilities, Weirdness & Mutations

You are immune to sickness and miasma.
Your stone body is resilient. (AC +3)
You are immune to poison.
You resist negative energy. (rN+)
You are resistant to electric shocks. (rElec)
You are resistant to unholy torment.
You are immune to petrification.


Message History

The gnoll is almost dead.
You block the gnoll's attack. The gnoll hits you but does no damage.
The gnoll closely misses you.
You hit the gnoll.
You kill the gnoll!
The gnoll hits you from afar with a +0 halberd.
You see here a +0 short sword.
An adder comes into view.
The adder hisses angrily.
You barely miss the adder. The adder barely misses you. The adder bites you.
You hit the adder but do no damage. The gnoll barely misses you.
The adder bites you but does no damage. The adder bites you but does no damage.
The gnoll hits you but does no damage. You block the adder's attack.
The adder bites you but does no damage. The adder bites you.
There is a stone staircase leading up here.
The adder bites you.
You climb upwards.
Level annotation: 1 runed translucent door, Crazy Yiuf
There is a stone staircase leading down here.
You closely miss the adder. The adder bites you but does no damage.
The adder barely misses you.
You barely miss the adder. The adder bites you.
* * * LOW HITPOINT WARNING * * *
You miss the adder. You block the adder's attack.
The adder bites you but does no damage.
You closely miss the adder. You block the adder's attack.
You closely miss the adder. The adder barely misses you. x2
You closely miss the adder.
The adder bites you but does no damage. x2
You barely miss the adder. The adder bites you.
* * * LOW HITPOINT WARNING * * *
The adder barely misses you.
It was a potion of brilliance.
You feel clever all of a sudden. The adder bites you.
* * * LOW HITPOINT WARNING * * *
You feel very mighty all of a sudden. The adder bites you.
You die...

##........#######
#...#####.......#
#......[..#####.#
##'#.#####.#...#.#
...........#...#.###
.....#####..<..#...#
.............#.....#
.........#...#.#####
...............S@).#
.###.......#########
.# #.##.##.#
+###.##.##.####
.....##.##....#
....###.#####.#
.....<#.# #.#
....###.# #.# ....#
#.# #.####


You could see an adder.

Vanquished Creatures
  An adder (D:2)
  A gnoll (D:3)
  4 orcs
  6 ball pythons
  8 bats
  An endoplasm (D:3)
  5 goblins
  5 hobgoblins
  4 quokkas
  4 frilled lizards (D:1)
  2 kobolds
  4 rats
  A bush (D:2)
46 creatures vanquished.

Vanquished Creatures (others)
  A fungus (D:2)
1 creature vanquished.

Grand Total: 47 creatures vanquished

Notes
Turn   | Place    | Note
-------+----------+-------------------------------------------
     0 | D:1      | Ijustatesigmund the Gargoyle Fighter began the quest for
                  | the Orb.
     0 | D:1      | Reached XP level 1. HP: 14/14 MP: 1/1
   156 | D:1      | Reached XP level 2. HP: 17/20 MP: 2/2
   740 | D:1      | Found a faded altar of an unknown god.
   754 | D:1      | Reached XP level 3. HP: 24/24 MP: 3/3
  1135 | D:2      | Reached skill level 4 in Fighting
  1315 | D:2      | Found a runed translucent door.
  1316 | D:2      | Noticed Crazy Yiuf
  1864 | D:2      | Reached XP level 4. HP: 16/29 MP: 4/4
  2075 | D:3      | Found Fuamneol's Jewellery Shop.
  2262 | D:2      | Slain by an adder

Illustrated notes

Levels and vault maps discovered:
D:1:      dpeg_arrival_yet_another_circle, layout_basic,
          chequers_ecumenical_altar_twisty
D:2:      layout_basic, st_stairs_7, serial_bayou_pond_c, minmay_misc_feat_rows,
          chequers_serial_rivers_small_a, uniq_crazy_yiuf_cottage
D:3:      layout_basic, serial_shops, nicolae_shop_trees,
          roderic_nine_men_s_morris, kennysheep_generic_room_4

Skill      XL: |  1  2  3 |
---------------+----------+-----
Maces & Flails | 3 |  3.6
Fighting       | 4 |  4.0
Armour         | |  3.2
Dodging        | |  0.5
Shields        | |  3.2

Action                   |  1- 3 |  4- 6 || total
-------------------------+-------+-------++-------
Melee: Flail             |   193 |    27 ||   220
Throw: Javelin           |       |     3 ||     3
  Use: Potion            |       |     2 ||     2
Armor: Scale mail        |    25 |       ||    25
       Chain mail        |    68 |    16 ||    84
Dodge: Dodged            |    61 |    15 ||    76
Block: Buckler           |    37 |     9 ||    46

Table legend: (Time is in decaauts)
 A = Elapsed time spent in this place.
 B = Non-inter-level travel time spent in this place.
 C = Inter-level travel time spent in this place.
 D = Time resting spent in this place.
 E = Time spent auto-exploring this place.
 F = Levels seen in this place.
 G = Mean time per level.
                   A        B        C        D        E       F      G
               +--------+--------+--------+--------+--------+-----+--------+
         Total |   2331 |   2268 |     63 |    363 |   1353 |   3 |  777.0 |
       Dungeon |   2331 |   2268 |     63 |    363 |   1353 |   3 |  777.0 |
               +--------+--------+--------+--------+--------+-----+--------+

Top non-repeatable levels by time:
     D:1: 942 daAuts
     D:2: 932 daAuts
     D:3: 456 daAuts
